 Dungeon Crawl Stone Soup version 0.30-a0-377-g5cb311bc9f (webtiles) character file.

Game seed: 16065017632143081069

305 Decritt the Trooper (level 6, -4/47 HPs)
             Began as a Djinni Air Elementalist on Nov 28, 2022.
             Splashed by a jelly's acid (8 damage)
             ... on level 4 of the Dungeon.
             The game lasted 00:06:04 (2760 turns).

Decritt the Trooper (Djinni Air Elementalist)       Turns: 2760, Time: 00:06:05

Health: -4/47      AC:  2    Str:  7    XL:     6   Next: 66%
Gold:   180        EV: 12    Int: 19    God:
                   SH:  0    Dex: 13

rFire   + + +      SeeInvis .    n - staff of fire
rCold   x . .      Faith    .    (no shield)
rNeg    . . .      Spirit   .    a - +0 robe
rPois   ∞          Reflect  .    (no helmet)
rElec   .          Harm     .    (no cloak)
rCorr   .          Rampage  .    (no gloves)
Will    +....                    (boots unavailable)
Stlth   ++........               (no amulet)
HPRegen 0.27/turn                m - ring of willpower
MPRegen 0.00/turn                (no ring)

@: flying
A: sickness immunity, fire resistance 2, cold vulnerability 1, float, innate
caster, HP casting, extra vitality 1
a: no special abilities


You were on level 4 of the Dungeon.
You visited 1 branch of the dungeon, and saw 4 of its levels.

You collected 180 gold pieces.

Inventory:

Armour
 a - a +0 robe (worn)
Magical Staves
 n - a staff of fire (weapon)
Jewellery
 m - a ring of willpower (left hand)
Scrolls
 f - a scroll of poison
 h - a scroll of summoning
 l - a scroll of fog
 r - a scroll of identify
Potions
 g - a potion of resistance
 i - a potion of curing


   Skills:
 * Level 4.2 Fighting
 - Level 2.1 Dodging
 - Level 1.5 Stealth
 * Level 4.1 Spellcasting


You couldn't memorise any spells.
You knew the following spells:

 Your Spells              Type           Power      Damage    Failure   Level
a - Shock                 Conj/Air       76%        1d7       2%          1
b - Airstrike             Air            9%         2d(2-18)  24%         4
c - Freeze                Ice            76%        1d8       2%          1
d - Static Discharge      Conj/Air       38%        2-4/arc   3%          2
e - Blink                 Tloc           38%        N/A       3%          2
s - Swiftness             Air            19%        N/A       8%          3
Your spell library was empty.

Dungeon Overview and Level Annotations

Branches:
Dungeon (4/15)
 Temple: D:4-7

Altars:

Annotations:
D:3 3 runed translucent doors, Tutankhamun's ghost, amateur SpBr


Innate Abilities, Weirdness & Mutations

You are immune to sickness and miasma.
You are immune to poison.
Your flesh is very heat resistant. (rF++)
You are vulnerable to cold. (rC-)
You float through the air rather than walking.
You learn spells naturally, not from books.
Your magical power is your life essence.
You have superior vitality. (+4 MHP)


Message History

The jelly hits you.
You are splashed with acid!
* * * LOW HITPOINT WARNING * * *
Casting: Freeze (safe; 2% risk of failure)
Confirm with . or Enter, or press ? or * to list all spells.
Aiming: Shock (safe; 2% risk of failure)
Press: ? - help, Shift-Dir - straight line, f/p - jelly
Aim: a jelly (moderately wounded, 100% to hit)
The zap hits the jelly!
The jelly is severely wounded.
* * * LOW HITPOINT WARNING * * *
The orc shouts!
You hear a shout! x2
An orc comes into view. It is wielding a +0 flail.
The jelly barely misses you.
An orc comes into view. It is wielding a +0 club.
You hear a shout!
The orc shouts!
Casting: Shock (safe; 2% risk of failure)
Confirm with . or Enter, or press ? or * to list all spells.
Aiming: Shock (safe; 2% risk of failure)
Press: ? - help, Shift-Dir - straight line, f/p - jelly
Aim: a jelly (severely wounded, 100% to hit)
The zap hits the jelly.
The jelly is almost dead.
* * * LOW HITPOINT WARNING * * *
You hear a shout!
The jelly hits you.
* * * LOW HITPOINT WARNING * * *
You are splashed with acid!
* * * LOW HITPOINT WARNING * * *
Casting: Shock (safe; 2% risk of failure)
Confirm with . or Enter, or press ? or * to list all spells.
Aiming: Shock (safe; 2% risk of failure)
Press: ? - help, Shift-Dir - straight line, f/p - jelly
Aim: a jelly (almost dead, 100% to hit)
The zap hits the jelly.
The jelly is almost dead.
* * * LOW HITPOINT WARNING * * *
The jelly hits you.
* * * LOW HITPOINT WARNING * * *
You are splashed with acid!
You die...

#...+.......'...........
#..##.......#####.######
#..####'##### #.#
##...##.# #.# ###.##.#
#.# #.##.# #.# ####
#....# #.. .... ####.#
### #### #@# ...
....o.J.)...# ###
#.oo#######...# ... #)
.. ### ... ### # # #.


You could see a jelly and 3 orcs.

Vanquished Creatures
  An ogre (D:4)
  A phantom (D:3)
  A jelly (D:3)
  An iguana (D:4)
  2 adders (D:3)
  3 worms
  A dart slug (D:2)
  10 ball pythons
  5 bats
  6 endoplasms
  3 giant cockroaches
  9 goblins
  3 hobgoblins
  12 kobolds
  A quokka (D:2)
  3 frilled lizards
  6 rats
68 creatures vanquished.

Notes
Turn   | Place    | Note
-------+----------+-------------------------------------------
     0 | D:1      | Decritt the Djinni Air Elementalist began the quest for the
                  | Orb.
     0 | D:1      | Decritt set off with the following spells memorised: Shock,
                  | Static Discharge, Swiftness, Airstrike.
     0 | D:1      | Reached XP level 1. HP: 15/15 MP: 0/0
   230 | D:1      | Reached XP level 2. HP: 21/22 MP: 0/0
   239 | D:1      | Reached skill level 1 in Fighting
   551 | D:1      | Reached XP level 3. HP: 25/27 MP: 0/0
   551 | D:1      | Learned a level 1 spell: Freeze
  1365 | D:3      | Reached XP level 4. HP: 29/34 MP: 0/0
  1570 | D:3      | Found a runed translucent gate.
  1570 | D:3      | Found a runed translucent gate.
  1570 | D:3      | Found a runed translucent gate.
  1575 | D:3      | Noticed Tutankhamun's ghost (amateur SpBr)
  1718 | D:3      | Reached XP level 5. HP: 36/40 MP: 0/0
  1718 | D:3      | Learned a level 2 spell: Blink
  1806 | D:3      | Found a faded altar of an unknown god.
  1806 | D:3      | Noticed a phantom
  1814 | D:3      | Killed a phantom
  1996 | D:3      | Reached XP level 6. HP: 45/46 MP: 0/0
  2368 | D:4      | Noticed an ogre
  2376 | D:4      | Killed an ogre
  2760 | D:4      | Splashed by a jelly's acid

Illustrated notes

Levels and vault maps discovered:
D:1:      eino_arrival_cavern_a, layout_loops_ring
D:2:      layout_rooms
D:3:      layout_loops_ring, ebering_ghost_rock_garden,
          hellmonk_ecumenical_altar_lost_god
D:4:      layout_basic, marbit_many_paths

Skill      XL: |  1  2  3  4  5  6 |
---------------+-------------------+-----
Fighting       | 1 2 3 4 |  4.2
Spellcasting   | 3 4 |  4.1
Dodging        | |  2.1
Stealth        | |  1.5

Action                   |  1- 3 |  4- 6 || total
-------------------------+-------+-------++-------
Melee: Whip              |     7 |    14 ||    21
       Staff             |       |     8 ||     8
 Cast: Shock             |    76 |    74 ||   150
       Freeze            |       |     3 ||     3
       Blink             |       |     1 ||     1
  Use: Scroll            |       |     9 ||     9
Armor: Robe              |     1 |     2 ||     3
Dodge: Dodged            |     4 |    16 ||    20

Table legend: (Time is in decaauts)
 A = Elapsed time spent in this place.
 B = Non-inter-level travel time spent in this place.
 C = Inter-level travel time spent in this place.
 D = Time resting spent in this place.
 E = Time spent auto-exploring this place.
 F = Levels seen in this place.
 G = Mean time per level.
                   A        B        C        D        E       F      G
               +--------+--------+--------+--------+--------+-----+--------+
         Total |   2761 |   2682 |     79 |    260 |   2055 |   4 |  690.2 |
       Dungeon |   2761 |   2682 |     79 |    260 |   2055 |   4 |  690.2 |
               +--------+--------+--------+--------+--------+-----+--------+

Top non-repeatable levels by time:
     D:3: 980 daAuts
     D:1: 885 daAuts
     D:2: 469 daAuts
     D:4: 426 daAuts
